Map: Port Aleksander LE

Players

CptSand - Winner!

  • Race: Terran Terran
  • League: Gold
  • Spawn Location: 11:00

Ben

  • Race: Zerg Zerg
  • Spawn Location: 5:00

VOD

Have the link to the VOD?

Description

Time

  • Played on: April 1, 2019, 1:50 a.m.
  • Length: 28:49
Show
View Real Time Build Order
Export as new Build Order

CptSand Terran - Winner!

Build Orders: Command Center First (CC) 

Get SALT Encoding   

  12  0:01  SCV  
  13  0:13  SCV  
  14  0:20  Supply Depot  
  14  0:25  SCV  
  15  0:41  SCV  
  16  0:53  SCV  
  17  1:11  Command Center  
  17  1:17  Barracks, SCV  
  18  1:28  Supply Depot  
  18  1:30  SCV  
  19  1:40  Refinery  
  19  1:43  Refinery  
  19  1:44  SCV  
  20  1:58  SCV  
  21  2:10  SCV  
  21  2:11  Bunker, Marine  
  23  2:22  SCV  
  24  2:26  Ghost Academy  
  24  2:29  Marine  
  25  2:31  SCV  
  26  2:37  SCV  
  26  2:43  SCV  
  28  2:47  Marine  
  29  2:53  Factory  
  29  3:04  Engineering Bay  
  29  3:08  Orbital Command  
  29  3:12  Barracks Tech Lab  
  29  3:19  Personal Cloaking  
  29  3:23  SCV  
  30  3:29  Refinery  
  30  3:38  Ghost  
  30  3:41  Factory Tech Lab  
  32  3:47  Missile Turret  
  32  3:57  Ghost Academy  
  32  3:58  SCV  
  33  4:06  Siege Tank  
  36  4:11  SCV  
  36  4:16  Supply Depot  
  37  4:22  Refinery  
  37  4:24  SCV  
  38  4:32  Ghost  
  38  4:38  Missile Turret  
  40  4:44  Nuke  
  40  4:45  Nuke  
  40  4:59  Supply Depot  
  40  5:00  Hi-Sec Auto Tracking  
  40  5:14  Ghost Academy  
  40  5:36  Nuke  
  40  5:38  Planetary Fortress  
  40  5:45  Nuke  
  40  5:47  Factory  
  40  5:50  Nuke  
  40  6:01  Bunker  
  40  6:04  Siege Tank  
  43  6:05  Barracks  
  39  6:38  Supply Depot  
  38  6:43  Siege Tank  
  38  6:46  Supply Depot  
  41  6:52  Ghost  
  43  6:57  Nuke  
  43  7:00  Factory Tech Lab  
  41  7:09  SCV  
  42  7:21  SCV  
  42  7:22  Siege Tank  
  46  7:33  SCV, Ghost  
  49  7:38  Bunker  
  49  7:42  Barracks Reactor  
  49  7:45  SCV  
  49  7:48  Neosteel Armor  
  50  7:57  SCV  
  51  7:59  Missile Turret  
  51  8:09  SCV  
  52  8:17  Nuke  
  52  8:21  SCV  
  52  8:23  Barracks  
  52  8:25  Siege Tank  
  56  8:31  Nuke  
  56  8:34  SCV  
  57  8:44  Ghost Academy  
  57  8:46  SCV  
  58  8:49  Nuke  
  58  8:52  Marine  
  58  8:53  Marine  
  60  8:57  Barracks, Siege Tank  
  63  9:03  Nuke  
  63  9:08  Siege Tank  
  66  9:10  Marine x2  
  66  9:11  Barracks Tech Lab  
  66  9:14  SCV  
  66  9:16  Nuke  
  67  9:26  SCV  
  68  9:34  Nuke  
  68  9:37  Ghost  
  70  9:46  Supply Depot  
  70  9:48  Supply Depot  
  70  9:52  Nuke  
  70  10:07  Ghost  
  70  10:08  SCV  
  70  10:14  Nuke  
  73  10:20  SCV  
  74  10:25  Barracks Reactor  
  74  10:26  Command Center, Marine  
  74  10:27  Marine  
  74  10:42  Nuke  
  74  10:44  Marine  
  74  10:45  Siege Tank  
  74  10:47  Ghost  
  80  10:55  Command Center  
  80  11:14  Nuke x2  
  80  11:28  Command Center  
  80  11:29  Nuke  
  80  11:44  Nuke  
  80  12:01  Nuke  
  78  12:09  Nuke  
  78  12:13  Ghost  
  80  12:16  Planetary Fortress  
  80  12:24  Refinery  
  80  12:27  Marine x4  
  84  12:34  Marine  
  85  12:45  Marine x2  
  85  12:52  Nuke  
  85  12:56  Planetary Fortress  
  85  13:01  Refinery  
  85  13:16  Nuke  
  85  13:24  Missile Turret  
  85  13:26  Missile Turret  
  85  13:28  Marine, Ghost  
  85  13:29  Marine x3  
  91  13:43  Nuke  
  91  13:46  Ghost  
  91  14:01  Bunker, Siege Tank  
  94  14:05  SCV  
  94  14:08  SCV  
  96  14:17  SCV  
  96  14:20  SCV  
  96  14:22  Nuke  
  98  14:30  SCV  
  99  14:32  SCV  
  99  14:33  Siege Tank  
  103  14:43  Nuke  
  103  14:44  SCV  
  104  14:50  Nuke  
  104  15:03  Nuke  
  104  15:08  Nuke  
  104  15:13  Ghost  
  106  15:30  Nuke  
  106  15:39  Nuke  
  106  15:47  Planetary Fortress  
  106  15:57  Ghost  
  106  15:58  Bunker, Marine x3  
  106  15:59  Marine  
  106  16:02  Supply Depot  
  112  16:07  Armory, Engineering Bay  
  112  16:10  Engineering Bay  
  112  16:13  Armory  
  112  16:16  Marine x4  
  116  16:26  Marine  
  116  16:27  Ghost  
  116  16:32  Nuke  
  117  16:36  Nuke  
  117  16:40  SCV  
  117  16:44  Terran Infantry Armor Level 1  
  117  16:46  Terran Infantry Weapons Level 1  
  118  16:50  Supply Depot  
  118  16:52  SCV  
  118  16:53  Supply Depot  
  119  16:55  Marine  
  119  16:56  Marine x2  
  119  17:00  Missile Turret  
  122  17:01  Nuke  
  122  17:04  SCV  
  121  17:16  SCV  
  121  17:21  Nuke  
  122  17:26  Missile Turret  
  122  17:28  SCV  
  123  17:40  SCV  
  124  17:47  Nuke  
  124  17:52  SCV  
  123  17:59  Terran Vehicle Weapons Level 1  
  123  18:01  Terran Vehicle And Ship Armor Level 1  
  123  18:02  Barracks  
  123  18:22  Command Center  
  123  18:27  Barracks, Siege Tank  
  123  18:28  Ghost  
  123  18:30  Barracks, Marine x4  
  123  18:32  Command Center  
  132  18:39  Supply Depot  
  132  18:48  Marine  
  122  18:57  Ghost  
  122  19:00  SCV  
  125  19:12  SCV  
  125  19:13  Barracks Reactor  
  125  19:16  Barracks, Barracks Reactor  
  126  19:20  Marine x4  
  126  19:21  Marine  
  131  19:24  SCV  
  131  19:26  Marine  
  133  19:36  SCV  
  133  19:38  Marine x5  
  135  19:42  Planetary Fortress  
  135  19:43  Marine  
  140  19:45  Planetary Fortress  
  140  19:48  SCV  
  141  19:56  Marine x8  
  141  19:57  Marine  
  148  20:00  SCV  
  148  20:01  Marine  
  148  20:03  Terran Vehicle Weapons Level 2  
  148  20:05  Terran Infantry Weapons Level 2  
  148  20:06  Terran Infantry Armor Level 2  
  150  20:13  SCV, Marine  
  150  20:14  Marine x8  
  153  20:15  Nuke x2  
  153  20:18  Ghost  
  153  20:19  Marine  
  163  20:22  SCV  
  163  20:25  SCV  
  163  20:27  SCV  
  166  20:31  Marine x2  
  166  20:32  Marine x7  
  166  20:34  SCV  
  174  20:37  Marine  
  174  20:39  SCV  
  174  20:41  Barracks Reactor  
  176  20:46  SCV  
  176  20:49  Marine x4  
  179  20:50  Marine x5  
  179  20:51  SCV  
  179  20:55  Marine  
  188  20:58  SCV  
  188  20:59  Terran Vehicle And Ship Armor Level 2  
  188  21:03  SCV  
  190  21:07  Marine x3  
  193  21:17  Nuke  
  193  21:22  Barracks Reactor  
  193  21:28  Supply Depot  
  193  21:31  Supply Depot  
  193  21:34  Missile Turret  
  193  21:35  Missile Turret  
  193  21:39  Missile Turret  
  193  21:50  Marine x7  
  193  21:53  Nuke  
  200  22:06  Supply Depot  
  200  22:07  Supply Depot  
  200  22:11  Starport  
  200  22:13  Starport  
  200  22:15  Nuke  
  200  22:44  Marine  
  200  22:49  Command Center  
  200  22:52  Command Center  
  200  22:56  Nuke  
  200  23:07  Starport Reactor  
  200  23:10  Starport Reactor  
  200  23:14  Terran Infantry Armor Level 3  
  200  23:15  Starport  
  200  23:16  Terran Infantry Weapons Level 3  
  200  23:33  Combat Shield  
  200  23:35  Marine x2, Ghost  
  200  23:37  Stimpack  
  177  23:45  Marine x11  
  158  23:53  Marine x2  
  156  23:57  Refinery  
  156  24:00  Refinery  
  156  24:02  Marine  
  156  24:03  Refinery, Marine x10  
  156  24:07  Refinery  
  163  24:11  Marine x2  
  165  24:20  Marine  
  165  24:21  Marine x10  
  172  24:24  Command Center  
  172  24:28  Marine x2  
  173  24:35  Nuke  
  147  24:38  Marine  
  147  24:39  Marine x10  
  157  24:46  Marine x2  
  149  24:56  Marine x2  
  149  24:57  Marine x9  
  156  25:04  Marine x2  
  151  25:14  Marine x6  
  150  25:15  Nuke  
  150  25:17  Planetary Fortress  
  150  25:19  Planetary Fortress  
  156  25:27  Marine x7  
  163  25:32  Marine x3  
  164  25:40  Marine  
  164  25:41  Marine x2  
  167  25:44  Marine  
  167  25:45  Marine x4  
  172  25:50  Missile Turret  
  172  25:51  Missile Turret  
  172  25:54  Missile Turret  
  141  26:44  Marine  
  141  26:45  Marine x12  
  141  27:02  Marine x5  
  141  27:03  Marine x8  
  152  27:20  Marine x11  
  152  27:21  Marine x2  
  165  27:38  Marine x13  
  165  27:44  Command Center  
  169  27:55  Marine  
  169  27:56  Marine x9  
Show
View Real Time Build Order
Export as new Build Order

Ben Zerg 

Build Orders: Hatch First 

Get SALT Encoding   

  12  0:02  Drone  
  13  0:13  Drone  
  14  0:18  Overlord  
  14  0:23  Extractor  
  14  0:24  Drone  
  15  0:37  Drone x2  
  17  0:59  Hatchery  
  17  1:00  Drone  
  17  1:14  Spawning Pool  
  17  1:15  Drone  
  17  1:27  Drone  
  17  1:29  Drone  
  17  1:31  Drone  
  20  1:36  Extractor  
  19  1:42  Drone  
  20  1:59  Overlord  
  20  2:01  Queen  
  22  2:10  Queen  
  22  2:12  Drone x3  
  27  2:22  Drone  
  28  2:27  Drone  
  29  2:34  Spine Crawler  
  29  2:36  Drone x2  
  30  2:53  Drone x2  
  32  2:58  Roach Warren  
  31  3:11  Evolution Chamber  
  31  3:12  Evolution Chamber  
  29  3:15  Queen  
  29  3:18  Lair  
  31  3:20  Drone x5  
  31  3:23  Overlord  
  36  3:27  Overlord  
  36  3:41  Zerg Missile Weapons Level 1  
  36  3:46  Drone x4  
  40  3:50  Drone  
  40  3:51  Extractor  
  40  3:53  Extractor  
  39  4:01  Drone x6  
  45  4:03  Drone  
  46  4:26  Drone  
  46  4:28  Overlord x3  
  47  4:33  Drone  
  47  4:34  Roach x2  
  52  4:46  Roach x2  
  52  4:47  Roach  
  58  5:01  Glial Reconstitution  
  58  5:03  Roach x7  
  58  5:04  Hatchery  
  58  5:06  Overlord  
  71  5:20  Roach x2  
  75  5:22  Overlord x2  
  75  5:24  Zerg Ground Armor Level 1  
  75  5:43  Overseer  
  63  5:50  Drone x2  
  63  5:51  Drone x5  
  63  5:52  Overseer  
  63  5:55  Spore Crawler  
  65  6:04  Drone  
  65  6:06  Drone  
  49  6:25  Roach  
  49  6:26  Roach x3  
  53  6:34  Drone  
  53  6:35  Drone x2  
  53  6:37  Drone  
  53  6:39  Drone x4  
  55  7:11  Drone  
  55  7:12  Drone x10  
  66  7:18  Extractor x2  
  64  7:29  Hatchery  
  63  7:36  Drone x2  
  65  7:38  Drone x2  
  65  7:40  Drone x3  
  65  7:41  Drone x3  
  65  7:43  Drone  
  65  7:44  Drone x4  
  78  8:32  Drone  
  78  8:33  Drone x12  
  57  8:50  Drone  
  57  8:51  Drone x5  
  53  9:19  Queen  
  53  9:21  Drone  
  53  9:22  Drone x7  
  63  9:25  Drone  
  63  9:26  Queen, Drone x3  
  69  9:32  Zerg Missile Weapons Level 2, Zerg Ground Armor Level 2  
  69  9:39  Hydralisk Den  
  64  9:57  Roach  
  64  9:58  Roach x7  
  82  10:05  Overseer  
  69  10:39  Hatchery  
  68  10:52  Overseer  
  68  10:56  Drone x7  
  68  10:57  Drone x6  
  70  11:27  Overseer  
  65  11:59  Drone x11  
  65  12:00  Drone x8  
  72  12:04  Overlord x3  
  72  12:11  Overlord x3  
  72  12:24  Drone  
  72  12:25  Drone x4  
  72  12:26  Queen  
  79  12:31  Overseer  
  79  12:35  Drone  
  79  12:36  Drone x2  
  82  13:10  Hatchery  
  81  13:47  Drone x6  
  87  14:09  Queen  
  77  14:45  Queen  
  77  14:46  Overseer  
  77  14:47  Overseer x2  
  79  15:02  Hatchery  
  65  15:30  Drone  
  65  15:31  Drone x10  
  73  15:56  Drone x5  
  69  16:48  Roach x3  
  69  16:49  Roach x6  
  86  16:57  Drone  
  86  16:58  Drone  
  86  17:17  Roach x3  
  86  17:20  Queen  
  98  17:25  Overlord  
  94  17:38  Hatchery  
  94  17:42  Queen, Overlord x3  
  95  17:59  Hatchery  
  94  18:09  Hatchery  
  93  18:14  Roach x3  
  93  18:15  Roach x2  
  93  18:16  Hatchery  
  82  19:09  Roach  
  98  19:10  Roach x13  
  98  19:13  Queen  
  112  19:27  Roach x7  
  112  19:28  Roach x3  
  132  19:34  Grooved Spines  
  132  19:44  Roach x2  
  132  19:45  Roach x6  
  148  19:46  Overlord x5  
  148  19:49  Queen  
  135  20:09  Queen  
  136  20:45  Muscular Augments  
  136  20:49  Roach  
  146  20:50  Roach x21, Overlord  
  146  20:51  Overlord x3  
  180  21:35  Hydralisk x2  
  184  21:50  Extractor  
  184  21:51  Extractor  
  184  21:54  Extractor x2  
  181  21:55  Extractor  
  181  21:56  Extractor  
  178  22:10  Hatchery  
  177  22:55  Roach  
  177  22:56  Roach  
  177  22:57  Zergling x24  
  177  22:58  Zergling x14  
  200  23:03  Overseer  
  151  23:42  Roach x13  
  151  23:43  Roach x3, Zergling x2  
  151  23:44  Zergling x38  
  187  24:24  Hatchery  
  183  24:33  Roach  
  183  24:34  Roach x11, Zergling x2  
  183  24:35  Hatchery, Zergling x6  
  185  24:59  Roach  
  158  25:00  Roach x4, Zergling x10  
  158  25:01  Roach, Zergling x6  
  95  25:50  Overlord x4  
  95  25:52  Roach x4, Drone x5  
  95  25:53  Roach x2, Drone x2  
  95  25:55  Roach x3  
  95  25:56  Zergling x16  
  128  26:00  Queen, Hydralisk Den  
  129  26:08  Roach x3, Zergling x10  
  129  26:09  Zergling x10  
  120  26:15  Zergling x4  
  120  26:16  Zergling x10  
  107  26:19  Zergling x6  
  107  26:21  Roach  
  107  26:22  Roach  
  106  26:27  Hatchery, Zergling x4  
  90  26:35  Queen x2  
  90  26:38  Roach, Zergling x2  
  90  26:39  Roach x3, Zergling x10  
  95  26:55  Roach  
  97  27:01  Hatchery  
  97  27:05  Extractor  
  91  27:42  Roach x7  
  91  27:43  Zergling x22  
  93  28:02  Roach  
  93  28:03  Roach x4, Zergling x2  
  93  28:04  Zergling x10  
  87  28:13  Roach  
  87  28:14  Zergling x12  
  87  28:15  Extractor x2  
  79  28:20  Zergling x2  
Tags
 
Add a new tag
Caveats
  • Supply blocks, unpowered buildings, or Contaminate may cause inaccurate times.
  • Supply counts are checked every 10 seconds.